Map: Catalyst LE

Players

McWildeboy - Winner!

  • Race: Terran Terran
  • Spawn Location: 5:00

destroyerguy

  • Race: Protoss Protoss
  • League: Bronze
  • Spawn Location: 11:00

VOD

Have the link to the VOD?

Description

Time

  • Played on: Dec. 25, 2017, 4:49 p.m.
  • Length: 32:30
Show
View Real Time Build Order
Export as new Build Order

McWildeboy Terran - Winner!

Build Orders:  

Get SALT Encoding   

  12  0:01  SCV  
  13  0:20  Supply Depot, SCV  
  14  0:32  SCV  
  15  0:36  Refinery  
  15  0:44  SCV  
  15  0:46  Barracks  
  16  0:55  Supply Depot  
  16  0:59  SCV  
  17  1:12  Refinery  
  17  1:22  SCV  
  18  1:26  Supply Depot  
  18  1:34  SCV  
  19  1:46  Factory  
  19  1:50  Barracks Tech Lab  
  19  1:54  Barracks Reactor  
  19  2:06  Ghost Academy  
  19  2:08  SCV  
  20  2:20  SCV  
  21  2:32  Reaper, SCV  
  23  2:41  Starport  
  23  2:44  Factory Tech Lab  
  23  2:49  SCV  
  24  3:01  Orbital Command  
  23  3:57  Command Center  
  23  4:06  Bunker, Marine x2  
  25  4:11  Siege Tank  
  28  4:18  Starport Tech Lab  
  28  4:24  Marine x2  
  28  4:25  Barracks  
  28  4:28  SCV  
  31  5:01  Bunker  
  31  5:12  Siege Tank  
  34  5:19  SCV  
  34  5:20  Supply Depot  
  35  5:23  SCV  
  36  5:30  Moebius Reactor  
  36  5:31  SCV  
  36  5:33  Barracks Tech Lab  
  37  5:35  SCV  
  38  5:44  SCV  
  39  5:56  SCV  
  40  5:57  SCV  
  40  6:04  Banshee  
  41  6:05  Cloaking Field  
  41  6:08  SCV  
  41  6:09  SCV  
  46  6:15  Starport  
  46  6:20  Ghost, SCV  
  46  6:21  SCV  
  50  6:26  Nuke  
  50  6:42  SCV  
  50  6:46  Banshee  
  54  6:55  Refinery  
  51  7:08  Marine  
  51  7:09  Marine  
  52  7:26  Marine x2  
  54  7:44  Marine x2  
  56  7:59  Ghost  
  56  8:00  Engineering Bay  
  58  8:10  SCV  
  59  8:22  SCV  
  60  8:27  Ghost  
  60  8:34  SCV  
  61  8:41  Supply Depot  
  61  8:46  Supply Depot, SCV  
  62  9:02  Refinery  
  62  9:03  Viking, SCV  
  62  9:05  Supply Depot  
  62  9:08  Supply Depot  
  62  9:09  Starport  
  68  9:10  Starport Reactor  
  68  9:15  SCV  
  69  9:27  SCV  
  70  9:33  Viking  
  72  9:55  SCV  
  73  10:07  SCV  
  74  10:19  Marine x2  
  76  10:25  Neosteel Frame  
  76  10:33  Supply Depot  
  76  10:35  Supply Depot  
  76  10:36  Marine  
  76  10:37  Viking x2, Marine  
  76  10:40  Viking  
  84  10:45  Siege Tank  
  84  10:54  Marine x2  
  86  11:07  Viking x2  
  92  11:17  Siege Tank  
  93  11:37  Viking x2  
  97  11:44  Starport Tech Lab x2, Building Armor  
  97  12:14  Sensor Tower  
  97  12:31  SCV  
  98  12:44  Missile Turret, SCV  
  99  12:55  Command Center  
  99  12:56  SCV  
  94  13:24  Terran Infantry Weapons Level 1  
  94  13:25  Missile Turret  
  94  13:38  Viking x2  
  94  13:40  Viking  
  100  13:41  Viking  
  102  13:49  Supply Depot  
  102  13:56  Supply Depot  
  102  14:02  Planetary Fortress  
  102  14:08  Viking x2  
  106  14:10  Viking  
  106  14:11  Viking  
  106  14:12  Supply Depot  
  106  14:16  Missile Turret  
  110  14:27  Siege Tank  
  113  14:34  SCV  
  113  14:36  Missile Turret  
  124  14:38  Viking x2  
  118  14:46  SCV  
  119  14:58  Missile Turret, SCV  
  119  14:59  Siege Tank  
  123  15:11  SCV  
  124  15:16  Missile Turret  
  124  15:18  Terran Infantry Armor Level 1, Missile Turret  
  124  15:23  SCV  
  124  15:26  Refinery  
  125  15:31  Siege Tank  
  125  15:35  SCV  
  129  15:37  Missile Turret  
  129  15:47  SCV  
  130  15:52  Armory  
  130  15:58  Fusion Core  
  130  15:59  SCV  
  130  16:03  Siege Tank  
  134  16:19  SCV  
  134  16:23  Command Center  
  134  16:24  Refinery  
  135  16:31  SCV  
  136  16:34  Missile Turret  
  136  16:41  Supply Depot  
  136  16:43  Missile Turret, SCV  
  136  16:45  Missile Turret  
  136  16:46  Supply Depot  
  137  16:52  Missile Turret  
  137  16:55  Missile Turret, SCV  
  138  17:08  SCV  
  139  17:09  Missile Turret  
  139  17:13  Missile Turret  
  139  17:14  Missile Turret  
  139  17:16  Missile Turret, Viking x2  
  139  17:19  Siege Tank  
  146  17:38  Refinery  
  146  17:39  Planetary Fortress  
  146  17:51  Siege Tank  
  149  18:09  Refinery  
  150  18:12  SCV  
  150  18:23  Siege Tank  
  150  18:25  SCV  
  154  18:27  SCV  
  155  18:37  Weapon Refit  
  155  18:39  SCV  
  156  18:50  Missile Turret  
  156  18:51  SCV  
  157  19:03  SCV  
  158  19:14  Missile Turret  
  158  19:47  Missile Turret  
  158  20:07  Missile Turret  
  157  20:27  Missile Turret  
  157  20:49  Widow Mine  
  159  21:10  Widow Mine  
  161  21:32  Widow Mine  
  163  21:42  Missile Turret  
  163  21:45  Missile Turret  
  163  21:53  Widow Mine  
  165  22:18  Supply Depot  
  165  22:21  Siege Tank  
  168  22:27  Viking x2  
  172  22:37  Marine  
  172  22:38  Marine  
  174  22:53  Siege Tank  
  174  22:55  Marine x2  
  174  22:57  Viking x2  
  183  23:16  Missile Turret  
  183  23:18  Missile Turret  
  183  23:25  Siege Tank  
  186  23:27  Viking  
  188  24:59  Supply Depot  
  188  25:03  Viking  
  190  25:42  Command Center  
  144  27:28  Siege Tank  
  145  28:00  Siege Tank  
  148  28:32  Siege Tank  
  151  29:04  Siege Tank  
  154  29:36  Siege Tank  
  157  30:54  SCV  
  158  31:06  SCV  
  159  31:18  SCV  
  160  31:30  SCV  
  161  31:42  SCV  
Show
View Real Time Build Order
Export as new Build Order

destroyerguy Protoss 

Build Orders:  

Get SALT Encoding   

  12  0:02  Probe (Chrono Boost)  
  13  0:19  Probe (Chrono Boost), Pylon  
  14  0:28  Probe  
  15  0:41  Gateway  
  15  0:49  Pylon  
  15  0:54  Assimilator  
  15  1:02  Assimilator  
  15  1:06  Probe  
  16  1:19  Probe  
  17  1:30  Cybernetics Core  
  17  1:36  Gateway  
  17  1:58  Gateway  
  17  2:00  Warp Gate (Chrono Boost)  
  17  2:02  Gateway  
  17  2:05  Gateway  
  17  2:17  Probe (Chrono Boost)  
  18  2:29  Probe (Chrono Boost)  
  20  2:37  Probe (Chrono Boost)  
  20  2:43  Probe  
  21  2:55  Probe  
  22  2:58  Adept  
  22  2:59  Adept  
  26  3:14  Twilight Council  
  26  3:23  Pylon  
  26  3:47  Stargate x2  
  26  3:49  Resonating Glaives (Chrono Boost)  
  26  4:13  Adept x2  
  26  4:15  Zealot x2  
  34  4:35  Phoenix  
  36  5:07  Robotics Facility  
  36  5:19  Phoenix  
  38  5:22  Charge  
  38  5:36  Pylon  
  38  5:38  Pylon  
  38  5:41  Pylon  
  38  5:55  Observer  
  39  6:11  Stalker x2  
  39  6:12  Stalker x2  
  47  6:22  Void Ray (Chrono Boost)  
  51  7:43  Observer  
  52  7:45  Stalker x3  
  52  7:46  Stalker  
  60  8:04  Observer  
  61  8:57  Observer (Chrono Boost)  
  62  9:11  Observer (Chrono Boost)  
  63  9:24  Nexus  
  63  9:25  Pylon  
  63  9:27  Pylon  
  63  9:30  Assimilator  
  63  9:32  Assimilator  
  63  9:38  Pylon  
  63  9:40  Pylon  
  63  9:43  Void Ray x2, Pylon  
  71  10:25  Stalker  
  73  10:37  Probe (Chrono Boost)  
  74  10:47  Probe (Chrono Boost)  
  75  10:52  Probe (Chrono Boost)  
  76  11:00  Stalker  
  76  11:03  Adept, Probe  
  81  11:05  Stalker  
  81  11:07  Adept  
  85  11:15  Probe  
  86  11:54  Stalker x3  
  86  11:55  Stalker  
  90  12:27  Probe  
  91  12:37  Fleet Beacon  
  91  12:39  Probe  
  91  12:41  Robotics Bay  
  92  12:52  Probe  
  90  13:04  Probe  
  81  13:16  Probe  
  80  13:21  Mothership (Chrono Boost)  
  88  14:03  Colossus  
  94  14:11  Tempest x2  
  106  14:27  Probe (Chrono Boost)  
  107  14:41  Probe (Chrono Boost)  
  107  14:49  Probe  
  108  14:54  Colossus (Chrono Boost)  
  114  15:01  Probe (Chrono Boost)  
  114  15:02  Probe (Chrono Boost)  
  116  15:13  Probe (Chrono Boost)  
  118  15:18  Probe (Chrono Boost)  
  118  15:38  Pylon  
  118  15:41  Pylon  
  118  15:43  Pylon  
  118  15:45  Pylon  
  118  15:46  Pylon  
  118  15:50  Pylon  
  118  15:56  Probe x2  
  118  15:57  Zealot x3  
  122  16:00  Zealot  
  128  16:08  Probe x2  
  130  16:20  Probe x2  
  133  16:35  Probe x2 (Chrono Boost)  
  134  16:46  Probe (Chrono Boost)  
  136  16:48  Probe (Chrono Boost)  
  136  16:50  Probe (Chrono Boost)  
  136  16:52  Pylon  
  136  16:53  Tempest  
  143  16:54  Tempest  
  143  16:55  Pylon  
  149  17:01  Probe  
  150  17:29  Nexus  
  150  17:30  Assimilator  
  150  17:35  Assimilator  
  150  17:54  Pylon  
  150  17:58  Pylon  
  150  17:59  Pylon  
  150  18:46  Probe  
  151  18:58  Probe  
  152  19:10  Probe  
  153  19:22  Probe  
  154  19:34  Probe  
  155  21:07  Pylon  
  155  21:11  Nexus, Pylon  
  155  21:12  Assimilator, Pylon x2  
  155  21:13  Assimilator, Pylon  
  155  21:31  Probe  
  156  21:43  Probe  
  157  21:47  Immortal (Chrono Boost)  
  161  21:55  Probe  
  162  22:07  Probe  
  163  22:14  Immortal (Chrono Boost)  
  163  22:19  Probe  
  168  22:45  Immortal (Chrono Boost)  
  172  23:26  Adept x4  
  180  23:48  Probe  
  181  24:00  Probe  
  181  24:02  Stalker x3  
  188  24:03  Adept  
  190  24:12  Probe  
  191  24:24  Probe  
  191  24:27  Sentry x2  
  191  24:28  Sentry x2  
  200  24:57  Extended Thermal Lance  
  200  25:25  Forge x2  
  200  25:28  Forge  
  30  28:03  Adept x4  
  37  28:17  Gateway  
  37  28:19  Gateway  
  37  28:22  Gateway  
  37  28:25  Gateway  
  37  28:28  Nexus  
  37  28:29  Gateway  
  37  28:30  Nexus  
  37  28:32  Nexus  
  37  28:34  Nexus  
  37  28:39  Nexus  
  37  28:40  Nexus  
  37  28:45  Nexus x2  
  37  28:46  Nexus x2  
  37  28:48  Nexus  
  37  28:49  Nexus  
  37  28:52  Nexus  
  36  29:17  Nexus  
  36  29:21  Nexus  
  36  29:22  Nexus  
  36  29:25  Nexus  
  36  29:27  Nexus  
  36  29:29  Nexus  
  36  29:32  Nexus x2  
  36  29:38  Nexus  
  36  29:39  Nexus  
  36  29:42  Nexus x2  
  25  31:29  Nexus  
Tags
 
League
Bronze
Matchup
PvT
Spawn Locations
Cross Positions
Add a new tag
Caveats
  • Supply blocks, unpowered buildings, or Contaminate may cause inaccurate times.
  • Supply counts are checked every 10 seconds.